← All builds
Geo sea / Armada / Economy first / OBSERVED BUILD

Standard geo sea

Armada Geo sea build order · Supreme Isthmus

The role's baseline: bot lab then shipyard in the cove, early destroyer and submarine to contest the sea, with geothermal powering the economy as the game transitions into a naval/amphibious mix.

Usually shipyard in the cove (89%)

#naval #eco · 1353 distinct matches · 173 players · 78% of Armada Geo sea games · team won 55% of 1508 · Recently observed

HOW TO PLAY IT

Key timing: Shipyard by 3:12

  1. Open 3 mex and wind, then drop Bot Lab by 1:12.
  2. Build Shipyard in the cove to start the naval contest.
  3. Pump submarine then destroyer to contest enemy sea entry.
  4. Add geothermal powerplant to fund the economy transition.
  5. Upgrade to Advanced Metal Extractor as eco scaling finishes.

Phase by phase

TYPICAL OF ITS 1353 GAMES
  1. 1
  2. 2
  3. 3
  4. 4
PLAY THE OPENING

Follow the example game's first 6:00 step by step: what to build now, what comes next, and where it goes. At 1× it keeps pace with your own game.

  1. 1

    Up to the Bot Lab

    Economy
    • Metal Extractor3Mex
    • Wind Turbine3Wind
    Order
    1. Bot LabBot Lab after 3 mex, 3 winddone ~1:12, middle half 1:06–1:18

    Some games also: wind for allies (46%)

    By 0:55 in all: 3 mex · 3 wind

    The example game in this phase · 3 steps
    1. Mex ×3
    2. Wind ×3
    3. Bot LabBot Labdone 1:16 · typical 1:12
  2. 2

    Bot Lab to Shipyard

    Economy
    • Metal Extractor1Mex
    • Wind Turbine1Wind
    Order
    1. ShipyardShipyard after 4 mex, 4 winddone ~3:11, middle half 2:48–3:37
    Builders
    • Construction Bot3 Con bot
    • Lazarus2 Lazarus

    Some games also: pawn (42%) · con turret (39%) · crossbow (39%)

    By 2:47 in all: 4 mex · 4 wind

    The example game in this phase · 4 steps
    1. Construction BotCon bot
    2. LazarusLazarus ×2
    3. Construction BotCon bot
    4. ShipyardShipyarddone 2:26 · typical 3:11
  3. 3

    Shipyard to 5:00

    Economy
    • Metal Extractor4Mex
    • Wind Turbine2Wind
    Order
    1. Bot LabEat Bot Lab
    Builders
    • Construction Ship1 Con ship
    Army
    • Dolphin3 Dolphin
    • Skater1 Skater
    Other
    • Radar Tower1 Radar Tower

    Some games also: destroyer (48%) · Sentry (44%) · submarine (44%) · converter (33%) · con turret (32%)

    By 5:00 in all: 8 mex · 7 wind · 1 energy storage · 1 con turret

    The example game in this phase · 22 steps
    1. LazarusLazarus ×2
    2. SkaterSkater ×2
    3. PawnPawn
    4. EelSubmarinedone 3:01 · typical 4:27
    5. Mex
    6. Bot LabEat Bot Labreclaimed for its metal
    7. Construction ShipCon ship ×2
    8. Mex
    9. Con turret
    10. Mex
    11. DolphinDolphin
    12. Mex
    13. DolphinDolphin ×2
    14. Naval Radar / Sonar TowerNaval Radar / Sonar Tower
    15. DolphinDolphin
    16. Mex
    17. DolphinDolphin
    18. Energy storage
    19. Grim ReaperGrim Reaper
    20. Mex
    21. Naval Radar / Sonar TowerNaval Radar / Sonar Tower
    22. SkaterSkater
  4. 4

    5:00 to 10:00

    Economy
    • Metal Extractor2Mex
    • Wind Turbine12Wind
    • Energy Converter3Converter
    Builders
    • Construction Turret1 Con turret
    • Grim Reaper1 Grim Reaper
    • Construction Ship1 Con ship
    Army
    • Sentry1 Sentry
    • Dolphin4 Dolphin
    • Skater2 Skater
    • Corsair2 Destroyer

    Some games also: Harpoon (42%) · frigate (42%) · geo (41%) · Naval Construction Turret (35%) · submarine (31%)

    By 10:00 in all: 11 mex · 20 wind · 1 geo · 4 converter · 1 energy storage · 2 con turret

    The example game in this phase · 166 steps
    1. DolphinDolphin
    2. HarpoonHarpoon
    3. DolphinDolphin
    4. Wind
    5. DolphinDolphin ×2
    6. Wind
    7. DolphinDolphin
    8. Construction ShipCon ship
    9. Wind
    10. EelSubmarine
    11. Wind
    12. Naval Radar / Sonar TowerNaval Radar / Sonar Tower
    13. Grim ReaperGrim Reaper
    14. Naval Radar / Sonar TowerNaval Radar / Sonar Tower
    15. Advanced Metal ExtractorT2 mexdone 8:06 · typical 9:20
    16. Wind
    17. SkaterSkater
    18. DolphinDolphin ×2
    19. Wind
    20. Naval Radar / Sonar TowerNaval Radar / Sonar Tower
    21. DolphinDolphin ×2
    22. Mex
    23. DolphinDolphin
    24. Wind
    25. Construction ShipCon ship
    26. Wind
    27. Grim ReaperGrim Reaper
    28. Advanced Metal ExtractorT2 mex
    29. Dragon's ClawDragon's Claw
    30. SkaterSkater
    31. DolphinDolphin
    32. Wind
    33. DolphinDolphin
    34. CorsairDestroyerdone 9:01 · typical 5:39
    35. Tidal
    36. Wind
    37. Mex
    38. Dragon's ClawDragon's Claw
    39. Tidal
    40. Construction ShipCon ship
    41. Tidal
    42. Grim ReaperGrim Reaper
    43. Wind
    44. Tidal
    45. Mex
    46. Dragon's ClawDragon's Claw
    47. SkaterSkater
    48. Advanced Metal ExtractorT2 mex
    49. Tidal
    50. DolphinDolphin
    51. Naval Radar / Sonar TowerNaval Radar / Sonar Tower
    52. Tidal
    53. DolphinDolphin
    54. Wind
    55. Tidal
    56. CorsairDestroyer
    57. Wind
    58. Tidal
    59. Dragon's ClawDragon's Claw
    60. Construction ShipCon ship
    61. Wind
    62. Grim ReaperGrim Reaper
    63. Tidal
    64. SkaterSkater
    65. BeholderBeholder
    66. DolphinDolphin
    67. Tidal
    68. DolphinDolphin
    69. Wind
    70. CorsairDestroyer
    71. Construction ShipCon ship
    72. Naval Construction Turret
    73. Wind
    74. Tidal
    75. Grim ReaperGrim Reaper
    76. Advanced Metal ExtractorT2 mex
    77. SkaterSkater
    78. DolphinDolphin
    79. Tidal
    80. Wind
    81. DolphinDolphin
    82. CorsairDestroyer
    83. Construction ShipCon ship
    84. SkaterSkater
    85. Tidal
    86. Vehicle PlantVehicle Plantnot finished by 15:00
    87. Naval Construction Turret
    88. Vehicle PlantEat Vehicle Plantreclaimed for its metal
    89. Bot LabBot Labdone 12:11
    90. Wind
    91. Tidal
    92. Bot LabBot Labdone 12:16
    93. ShipyardEat Shipyardreclaimed for its metal
    94. Construction BotCon bot
    95. Wind
    96. Naval Construction Turret
    97. Mex
    98. Construction BotCon bot ×2
    99. Seaplane PlatformSeaplane Platformdone 12:49
    100. Tidal
    101. PawnPawn
    102. Sneaky PeteSneaky Pete
    103. PawnPawn
    104. Construction BotCon bot
    105. Naval Radar / Sonar TowerNaval Radar / Sonar Tower
    106. Wind
    107. Construction BotCon bot
    108. PawnPawn
    109. Tidal
    110. Radar TowerRadar Tower
    111. PawnPawn
    112. Construction BotCon bot
    113. BeholderBeholder
    114. Construction BotCon bot
    115. PawnPawn
    116. Wind
    117. PawnPawn
    118. SabreSabre
    119. Construction BotCon bot
    120. Advanced Metal ExtractorT2 mex
    121. Tidal
    122. PawnPawn
    123. Construction BotCon bot
    124. PawnPawn
    125. Naval Radar / Sonar TowerNaval Radar / Sonar Tower
    126. Construction BotCon bot
    127. PawnPawn
    128. SabreSabre
    129. Wind
    130. PawnPawn
    131. Tidal
    132. Construction BotCon bot
    133. PawnPawn ×2
    134. SabreSabre
    135. PawnPawn ×2
    136. Tidal
    137. Wind
    138. PawnPawn
    139. Bot LabEat Bot Labreclaimed for its metal
    140. PawnPawn
    141. SabreSabre
    142. PawnPawn
    143. Naval Radar / Sonar TowerNaval Radar / Sonar Tower
    144. PawnPawn
    145. BeamerBeamer
    146. PawnPawn
    147. SabreSabre
    148. Tidal
    149. Geothermal PowerplantGeodone 14:40 · typical 7:52
    150. PawnPawn
    151. Wind
    152. SabreSabre
    153. LazarusLazarus
    154. Tidal
    155. BeamerBeamer
    156. SabreSabre
    157. Wind
    158. Advanced Metal ExtractorT2 mex
    159. Naval Construction Turret
    160. PawnPawn
    161. Tidal
    162. Advanced ShipyardAdvanced Shipyardnot finished by 15:00
    163. Wind
    164. BeamerBeamer
    165. PawnPawn
    166. Tidal

Counts are medians over the build's games: half of them build more, half fewer. The example game is krtf's (48 OS, 13/10/2026); pick another.

Team trades

IN AT LEAST 30% OF ITS GAMES

You hand over

  • Wind Turbine2 Wind to Airfirst at 1:41 · in 64% of games

You get

  • Finch1 Finch from Airfirst at 1:53 · in 74% of games
  • Hercules1 Light transport from Airfirst at 2:04 · in 65% of games
  • Advanced Construction Bot1 T2 con bot from Techfirst at 7:43 · in 90% of games

How it plays out

Typical game of this build, running totals by minute

Metal produced

010k20k30k
0:005:0010:0015:00

metal

Enemy metal destroyed

05k10k
0:005:0010:0015:00

metal

Own metal lost

02.5k5k7.5k
0:005:0010:0015:00

metal

1508 games.

Show as table
ByMetal produced: This buildEnemy metal destroyed: This buildOwn metal lost: This build
1:0039500
2:0092800
3:00159900
4:002877040
5:00412619054
6:005518531295
7:007056993625
8:00872116891025
9:001057824601595
10:001280333622244
11:001538344153110
12:001846854653798
13:002177264294605
14:002537275585383
15:002893884516202
WHAT THE NUMBERS SAY

Standard Geo sea play wins slightly less than half the time but builds a strong metal base by 15:00 with moderate losses.

  • + Metal produced reaches 29210 by 15:00, well above Beach sea's early pace.
  • + Corsair (destroyer) makes up 34% of army, a clear naval focus.
  • − Own metal lost climbs to 6339 by 15:00 from sea skirmishes.
  • − Geothermal only completes in 58% of games, an inconsistent power spike.
THE EXAMPLE YOU ARE READING

krtf

47.7 OS · 13/10/2026

Open source match ↗

3 received units · includes a constructor
18 metal received · 61162 energy received

Allied construction assistance is unknown. Timings are observations, not a promise of solo reproducibility.

Typical milestones

Bot Lab1:12Middle 50%: 1:06–1:18 · n=1466
Shipyard3:11Middle 50%: 2:48–3:37 · n=1488
Eel4:27Middle 50%: 3:45–5:37 · n=918
Corsair5:39Middle 50%: 4:56–6:38 · n=1388
Geothermal Powerplant7:52Middle 50%: 6:48–9:30 · n=950
Advanced Metal Extractor9:20Middle 50%: 8:38–10:10 · n=1319

Played most by

_X_134games of this buildJesterB66games of this buildOptimusprimenutt61games of this buildhaaven55games of this buildpyrothraxus51games of this build